 Dungeon Crawl Stone Soup version 0.29.1-2-gbd0b4ee654 (webtiles) character file.

Game seed: 17051711587039594945

233 styxcanada the Covert (level 5, 0/26 HPs)
             Began as a Spriggan Brigand on Nov 3, 2022.
             Slain by a kobold brigand
             ... wielding a +0 dagger
              (2 damage)
             ... in a sewer.
             The game lasted 00:18:01 (4293 turns).

styxcanada the Covert (Spriggan Brigand)            Turns: 4293, Time: 00:18:01

Health: 0/26       AC:  4    Str: 13    XL:     5   Next: 74%
Magic:  6/6        EV: 19    Int: 12    God:
Gold:   234        SH:  0    Dex: 19    Spells: 4/4 levels left

rFire   . . .      SeeInvis +   a - +2 dagger
rCold   . . .      Faith    .   (no shield)
rNeg    . . .      Spirit   .   b - +1 robe
rPois   .          Reflect  .   (helmet restricted)
rElec   .          Harm     .   c - +0 cloak
rCorr   .          Rampage  .   (gloves unavailable)
Will    .....                   (boots unavailable)
Stlth   ++++......              (no amulet)
HPRegen 0.08/turn               i - +6 ring of strength
MPRegen 0.10/turn               (no ring)

@: very quick
A: very small, no large weapons, unfitting armour, see invisible, speed 3
a: no special abilities


You were in a sewer.
You visited 1 branch of the dungeon, and saw 4 of its levels.
You also visited: Sewer.

You collected 234 gold pieces.

Inventory:

Hand Weapons
 a - a +2 dagger (weapon)
 l - a +2 spear of venom
Missiles
 g - 38 stones (quivered)
Armour
 b - a +1 robe (worn)
 c - a +0 cloak (worn)
Jewellery
 i - a +6 ring of strength (left hand)
Scrolls
 h - a scroll of poison
 k - a scroll of teleportation
 r - a scroll of fear {unknown}
Potions
 f - a potion of heal wounds
 j - 3 potions of brilliance
 m - 2 potions of magic {unknown}
 n - 2 potions of invisibility
 s - a potion of resistance {unknown}


   Skills:
 * Level 2.2 Fighting
 + Level 3.0 Short Blades
 + Level 0.2 Polearms
 + Level 2.8 Throwing
 * Level 3.9 Dodging
 * Level 8.0 Stealth


You had 4 spell levels left.
You didn't know any spells.
Your spell library was empty.

Dungeon Overview and Level Annotations

Branches:
Dungeon (4/15)              Sewer (1/1)
 Temple: D:4-7

Altars:
Hepliaklqana

Shops:
D:1 =


Innate Abilities, Weirdness & Mutations

You are very small and have problems with some larger weapons.
You are too small for most types of armour.
You have supernaturally acute eyesight. (SInv)
You cover ground extremely quickly. (Speed+++)


Message History

The poisoned dart barely misses you.
Throw: 2 darts (curare)
Press: ? - help, Q - select action, (/) - cycle Shift-Dir - straight line, f/p - kobold brigand
Aim: a kobold brigand, wielding a +0 dagger and quivering poisoned darts (severely wounded, extremely poisoned, 56% to hit)
You throw a curare-tipped dart.
The curare-tipped dart closely misses the kobold brigand.
You feel sick.
Throw: dart (curare)
Press: ? - help, Q - select action, (/) - cycle Shift-Dir - straight line, f/p - kobold brigand
Aim: a kobold brigand, wielding a +0 dagger and quivering poisoned darts (severely wounded, extremely poisoned, 56% to hit)
You throw a curare-tipped dart.
The curare-tipped dart closely misses the kobold brigand.
You feel sick.
Throw: 39 stones
Press: ? - help, Q - select action Shift-Dir - straight line, f/p - kobold brigand
Aim: a kobold brigand, wielding a +0 dagger and quivering poisoned darts (severely wounded, extremely poisoned, 56% to hit)
You throw a stone.
The stone closely misses the kobold brigand.
You feel sick.
You are no longer poisoned.
The kobold brigand throws a poisoned dart.
The poisoned dart misses you.
The kobold brigand throws a poisoned dart.
The poisoned dart completely misses you.
You barely miss the kobold brigand.
The kobold brigand is severely wounded.
You closely miss the kobold brigand.
The kobold brigand is almost dead.
The kobold brigand hits you but does no damage.
You closely miss the kobold brigand.
The kobold brigand is severely wounded.
The kobold brigand hits you with a +0 dagger.
* * * LOW HITPOINT WARNING * * *
You hit the kobold brigand.
The kobold brigand is almost dead.
The kobold brigand barely misses you.
You hit the kobold brigand but do no damage.
The kobold brigand is almost dead.
The kobold brigand hits you with a +0 dagger.
You die...

≈≈≈≈≈~≈≈~≈≈.....~...~~~≈≈≈~≈~~≈≈≈
≈≈≈≈≈≈≈≈≈≈~~≈~~~~≈~≈≈≈~≈≈≈≈≈≈≈≈≈≈
≈≈≈≈≈≈≈≈≈≈≈≈~~≈≈~~≈≈~≈≈≈≈≈≈≈≈≈≈≈≈
≈≈≈≈≈≈≈≈≈≈~≈≈~~~~~..≈~≈≈≈≈≈≈≈≈≈≈≈
≈≈≈≈≈≈≈≈~≈~.~~.......≈~~~≈≈~~≈~~≈
≈~≈~~≈≈~..~...........~...~..~.~~
.~.~~~~.......................~~~
(...(..(...(.(.K@................
........................##...†...
.........†....##.......#####.†..†
#..###.†....#####..##...######...
#### ##†.†######..#####..∩# ####
##### #∩..## ##### #####


You could see a kobold brigand (very poisoned).

Vanquished Creatures
  A phantom (D:4)
  3 gnolls (D:2)
  3 adders
  A dart slug (D:3)
  4 ball pythons
  4 bats (D:1)
  11 endoplasms
  7 giant cockroaches
  4 goblins
  13 hobgoblins
  7 jackals
  3 quokkas
  4 frilled lizards
  17 kobolds
  14 rats
96 creatures vanquished.

Notes
Turn   | Place    | Note
-------+----------+-------------------------------------------
     0 | D:1      | styxcanada the Spriggan Brigand began the quest for the
                  | Orb.
     0 | D:1      | Reached XP level 1. HP: 10/10 MP: 2/2
    22 | D:1      | Reached skill level 6 in Stealth
    50 | D:1      | Found Ollunlie's Jewellery Boutique.
   251 | D:1      | Reached XP level 2. HP: 10/15 MP: 3/3
   546 | D:1      | Reached XP level 3. HP: 11/18 MP: 4/4
  1460 | D:2      | Reached XP level 4. HP: 23/23 MP: 5/5
  1481 | D:2      | Reached skill level 7 in Stealth
  2018 | D:2      | Found a faded altar of an unknown god.
  3218 | D:3      | Found a hazy altar of Hepliaklqana.
  3478 | D:4      | Noticed a phantom
  3828 | D:4      | HP: 1/23 [adder (3)]
  3856 | D:4      | Reached XP level 5. HP: 2/26 MP: 6/6
  3877 | D:4      | Killed a phantom
  3940 | D:4      | Identified a scroll of acquirement
  3940 | D:4      | Acquired a +6 ring of strength
  3944 | D:4      | Found a glowing drain.
  3953 | Sewer    | Entered a sewer
  4238 | Sewer    | Reached skill level 8 in Stealth
  4259 | Sewer    | HP: 1/26 [poisoned by a kobold brigand]
  4293 | Sewer    | Slain by a kobold brigand

Illustrated notes

Levels and vault maps discovered:
D:1:      saegor_arrival_simple_b, layout_basic, serial_shops,
          nicolae_shop_hallway_plus, minmay_pentomino_p4
D:2:      layout_basic, basic_ecumenical_altar, amethyst_killhole,
          minmay_bisected
D:3:      layout_basic, amcnicky_altar_gilded
D:4:      minmay_chambers_of_threes, layout_gridville,
          mainiacjoe_overflow_alcove_2, lemuel_crystal_altar,
          cheibrodos_sewer_entry_bend
Sewer:    sewer_minmay_treatment

Skill      XL: |  1  2  3  4  5 |
---------------+----------------+-----
Stealth        | 6 7 8 |  8.0
Dodging        | 2 3 |  3.9
Fighting       | 2 |  2.2
Short Blades   | 3 |  3.0
Polearms       | |  0.2
Throwing       | |  2.8

Action                   |  1- 3 |  4- 6 || total
-------------------------+-------+-------++-------
Melee: Dagger            |   102 |   132 ||   234
       Spear             |       |    43 ||    43
       Punch             |       |     1 ||     1
Throw: Dart              |    21 |    31 ||    52
       Stone             |       |     1 ||     1
  Use: Scroll            |       |     9 ||     9
       Potion            |       |     2 ||     2
 Stab: Sleeping          |    10 |    17 ||    27
Armor: Robe              |    11 |    32 ||    43
Dodge: Dodged            |    66 |   120 ||   186
